 Dungeon Crawl Stone Soup version 0.27-a0-660-g90476cec82 (webtiles) character file.

Game seed: 6521836209872697111

194 shoop the Chopper (level 5, 0/48 HPs)
             Began as a Palentonga Abyssal Knight on Mar 16, 2021.
             Was a Believer of Lugonu.
             Slain by Grinder (3 damage)
             ... while paralysed by Grinder
             ... on level 3 of the Dungeon.
             The game lasted 00:07:33 (3101 turns).

shoop the Chopper (Palentonga Abyssal Knight)       Turns: 3101, Time: 00:07:34

Health: 0/48       AC:  4    Str: 17    XL:     5   Next: 44%
Magic:  7/7        EV:  1    Int: 12    God:    Lugonu [**....]
Gold:   170        SH:  0    Dex:  9    Spells: 4/4 levels left

rFire    . . .     SeeInvis +   a - +1 hand axe
rCold    . . .     Faith    .   (no shield)
rNeg     . . .     Spirit   .   l - +0 leather armour
rPois    .         Reflect  .   (no helmet)
rElec    .         Harm     .   (no cloak)
rCorr    .         Rampage  .   (no gloves)
Will     .....                  (no barding)
Stlth    +.........             (no amulet)
HPRegen  0.16/turn              (no ring)
MPRegen  0.10/turn              (no ring)

@: paralysed, flying
A: large, rugged brown scales 3, see invisible, deformed body, roll 1, armoured
tail
a: Rolling Charge, Renounce Religion, Depart the Abyss, Bend Space


You were on level 3 of the Dungeon.
You worshipped Lugonu.
Lugonu was pleased with you.
You visited 1 branch of the dungeon, and saw 3 of its levels.
You visited the Abyss 1 time.

You collected 170 gold pieces.

Inventory:

Hand Weapons
 a - a +1 hand axe (weapon)
 b - a +0 hunting sling of flaming
Missiles
 m - 70 stones
 n - 23 sling bullets
Armour
 l - a +0 leather armour (worn)
Scrolls
 d - a scroll of enchant weapon {unknown}
 f - a scroll of amnesia {unknown}
 g - a scroll of teleportation {unknown}
 o - a scroll of noise {unknown}
 r - a scroll of fog {unknown}
Potions
 c - 4 potions of flight
 e - a potion of heal wounds {unknown}
 h - 2 potions of lignification {unknown}
 i - a potion of invisibility
 j - a potion of curing
 k - a potion of attraction
 p - a potion of haste
 q - a potion of berserk rage
 s - a potion of resistance


   Skills:
 - Level 3.0 Fighting
 * Level 5.3 Axes
 - Level 1.5 Armour
 - Level 0.7 Dodging
 + Level 3.0 Invocations


You had 4 spell levels left.
You didn't know any spells.
Your spell library was empty.

Dungeon Overview and Level Annotations

Branches:
Dungeon (3/15)

Altars:
Cheibriados

Annotations:
D:3 Grinder


Innate Abilities, Weirdness & Mutations

You are completely covered in rugged brown scales. (AC +3, +7% HP)
You have supernaturally acute eyesight. (SInv)
Armour fits poorly on your strangely shaped body.
You can roll at nearby foes to attack.
You have a long armoured tail.


Message History

You hit Grinder.
Your tail-slap misses Grinder.
Grinder is moderately wounded.
Grinder barely misses you.
You barely miss Grinder.
Grinder is moderately wounded.
Grinder misses you.
You closely miss Grinder.
Your tail-slap misses Grinder.
Grinder is moderately wounded.
Grinder blinks!
Roll where?
Press: ? - help, Dir - move target, f/p - Grinder
Aim: Grinder (moderately wounded)
You roll forward with a clatter of scales!
You slash Grinder!
Grinder is heavily wounded.
Grinder hits you but does no damage. Grinder hits you.
You writhe in agony.
You hit Grinder but do no damage.
Grinder is heavily wounded.
Grinder hits you!
* * * LOW HITPOINT WARNING * * *
You writhe in agony.
* * * LOW HITPOINT WARNING * * *
Unknown command.
It was a potion of flight.
You feel very buoyant.
You fly up into the air.
Grinder hits you but does no damage.
It was a potion of curing.
You feel better. Grinder hits you but does no damage.
You barely miss Grinder. You tail-slap Grinder!
Grinder is severely wounded.
Grinder gestures at you.
You suddenly lose the ability to move!
Grinder hits you.
* * * LOW HITPOINT WARNING * * *
You writhe in agony.
* * * LOW HITPOINT WARNING * * *
Grinder hits you.
* * * LOW HITPOINT WARNING * * *
You writhe in agony.
You die...

######### # #.##....[.. ........#
#.#...(.(#.##.#. #######.#.#
#.####.(()5....( #.#.#
#.....#..#.##.#. #.#.#
#.....(..#.##.###. #.#.#
#.....##)#.##..... #.#.#
#....<'#.[.##..#.. #.#.#
#.....##...##..#.# #######'#'##
#5@....#...##..#.#
...........#########.#.#.##..#.#
.....................#.#.##..#.#
...........###########.#.......#
##'##+#............#...ยง.....####
#....#######......#.#.##.#......
##.######## #......# #.##.....###
#.........# #......# #..........#
#.........# #.....## #####..#<#.#


You could see Grinder.

Vanquished Creatures
  An orc priest (D:2)
  3 orc wizards (D:3)
  An adder (D:2)
  A shadow imp (D:2)
  A dart slug (D:2)
  4 leopard geckos
  5 orcs
  A ball python (D:2)
  8 bats (D:2)
  4 giant cockroaches
  7 goblins
  7 hobgoblins
  13 kobolds
  4 frilled lizards
  5 rats
65 creatures vanquished.

Notes
Turn   | Place    | Note
-------+----------+-------------------------------------------
     0 | Abyss:1  | shoop the Palentonga Abyssal Knight began the quest for the
                  | Orb.
     0 | Abyss:1  | Reached XP level 1. HP: 20/20 MP: 2/2
    88 | Abyss:1  | Noticed a tentacled starspawn
    90 | D:1      | Escaped the Abyss
   266 | D:1      | Reached * piety under Lugonu
   352 | D:1      | Reached XP level 2. HP: 27/27 MP: 3/3
   429 | D:1      | Reached skill level 3 in Axes
  1049 | D:2      | Found a snail-covered altar of Cheibriados.
  1049 | D:2      | Noticed a torpor snail
  1049 | D:2      | Noticed a torpor snail
  1049 | D:2      | Noticed a torpor snail
  1059 | D:2      | Reached XP level 3. HP: 32/33 MP: 4/4
  1209 | D:2      | Reached skill level 4 in Axes
  1609 | D:2      | Reached ** piety under Lugonu
  1834 | D:2      | Reached XP level 4. HP: 40/40 MP: 5/5
  2710 | D:3      | Reached skill level 5 in Axes
  2710 | D:3      | Reached XP level 5. HP: 44/48 MP: 5/7
  2736 | D:3      | Noticed Grinder
  3099 | D:3      | Paralysed by Grinder for 7 turns
  3101 | D:3      | Slain by Grinder

Illustrated notes

Levels and vault maps discovered:
D:1:      minmay_arrival_nine_rooms, layout_loops_cross,
          minmay_misc_feat_secret_circle, kennysheep_crisscross
D:2:      layout_loops_ring, cheibriados_altar_2, minmay_cupped
D:3:      layout_basic, uniq_grinder

Skill      XL: |  1  2  3  4  5 |
---------------+----------------+-----
Axes           | 3 4 5 |  5.3
Invocations    | 3 |  3.0
Fighting       | |  3.0
Armour         | |  1.5
Dodging        | |  0.7

Action                   |  1- 3 |  4- 6 || total
-------------------------+-------+-------++-------
Melee: Hand axe          |    66 |    37 ||   103
       Tailslap          |     5 |     6 ||    11
 Fire: Hunting sling     |    64 |    59 ||   123
Invok: Depart the Abyss  |     1 |       ||     1
 Abil: Rolling Charge    |     4 |     3 ||     7
  Use: Scroll            |       |     5 ||     5
       Potion            |       |     2 ||     2
Armor: Leather armour    |    35 |    15 ||    50
Dodge: Dodged            |    47 |    27 ||    74

Table legend: (Time is in decaauts)
 A = Elapsed time spent in this place.
 B = Non-inter-level travel time spent in this place.
 C = Inter-level travel time spent in this place.
 D = Time resting spent in this place.
 E = Time spent auto-exploring this place.
 F = Levels seen in this place.
 G = Mean time per level.
                   A        B        C        D        E       F      G
               +--------+--------+--------+--------+--------+-----+--------+
         Total |   3129 |   3034 |     95 |     96 |   2453 |   4 |  782.2 |
       Dungeon |   3039 |   2944 |     95 |     96 |   2368 |   3 | 1013.0 |
         Abyss |     90 |     90 |      0 |      0 |     85 |   1 |   90.0 |
               +--------+--------+--------+--------+--------+-----+--------+

Top non-repeatable levels by time:
     D:2: 1286 daAuts
     D:1: 964 daAuts
     D:3: 788 daAuts
 Abyss:1: 90 daAuts
